 Dungeon Crawl Stone Soup version 0.32-a0-329-ge6c31236d6 (webtiles) character file.

Game seed: 12212159150532657560

614 ragingrage the Cleaver (level 7, 0/55 HPs)
             Began as a Mountain Dwarf Reaver on Feb 17, 2024.
             Was an Initiate of Beogh.
             Slain by a centaur
             ... wielding a +0 mace
              (1 damage)
             ... on level 5 of the Dungeon.
             The game lasted 00:05:29 (4982 turns).

ragingrage the Cleaver (Mountain Dwarf Reaver)      Turns: 4982, Time: 00:05:30

Health: 0/55       AC:  6    Str: 16    XL:     7   Next: 20%
Magic:  9/9        EV: 10    Int: 14    God:    Beogh [......]
Gold:   75         SH:  0    Dex:  8    Spells: 4/9 levels left

rFire   . . .        a - +0 hand axe
rCold   . . .        (no shield)
rNeg    . . .        v - +0 ring mail
rPois   .            (no helmet)
rElec   .            (no cloak)
rCorr   .            l - +0 pair of gloves
SInv    .            (no boots)
Will    .....        (no amulet) Stlth
                     (no ring)
HPRegen 0.29/turn    (no ring)
MPRegen 0.11/turn

%: no passive effects
@: no status effects
A: runic magic, artefact enchanting
a: Renounce Religion


You were on level 5 of the Dungeon.
You worshipped Beogh.
Beogh was noncommittal.
You visited 1 branch of the dungeon, and saw 5 of its levels.

You collected 190 gold pieces.
You spent 115 gold pieces at shops.

Inventory:

Hand Weapons
 a - a +0 hand axe (weapon)
 b - a +2 dagger of venom
 q - a +3 hammer
Missiles
 f - 6 atropa-tipped darts
 g - 14 poisoned darts (quivered)
Armour
 l - a +0 pair of gloves (worn)
 v - a +0 ring mail (worn)
 w - a +0 plate armour
Wands
 x - a wand of digging (4)
 y - a wand of flame (11)
 B - a wand of mindburst (9)
Scrolls
 d - a scroll of butterflies
 i - a scroll of noise
 j - 4 scrolls of teleportation
 k - 2 scrolls of enchant weapon {unknown}
 n - 2 scrolls of enchant armour {unknown}
 o - 3 scrolls of poison
 p - 2 scrolls of fear {unknown}
 r - a scroll of amnesia {unknown}
 s - 2 scrolls of blinking
 A - a scroll of identify
Potions
 c - 2 potions of curing
 e - a potion of invisibility {unknown}
 h - a potion of heal wounds {unknown}
 m - a potion of haste {unknown}
 t - 2 potions of brilliance {unknown}
 u - a potion of degeneration {unknown}
 z - a potion of magic {unknown}


   Skills:
 - Level 2.1 Fighting
 + Level 9.0 Axes
 - Level 1.3 Dodging
 - Level 1.7 Spellcasting
 - Level 2.6 Conjurations
 - Level 2.0 Necromancy
 + Level 2.2 Fire Magic
 + Level 1.4 Alchemy


You had 4 spell levels left.
You knew the following spells:

 Your Spells              Type           Power      Damage    Failure   Level
a - Kiss of Death         Conj/Necr      28%        2d7       11%         1
b - Sticky Flame          Fire/Alch      6%         2d4       78%         4

Your spell library contained the following spells:

 Spells                   Type           Power      Damage    Failure   Level
 Sublimation of Blood     Necr           6%         N/A       19%         2
 Momentum Strike          Conj/Tloc      8%         3d8       24%         2
 Static Discharge         Conj/Air       8%         3-4/arc   24%         2
 Call Imp                 Summ           2%         N/A       38%         2
 Hailstorm                Conj/Ice       4%         3d5       43%         3
 Inner Flame              Hex/Fire       4%         N/A       47%         3
 Confusing Touch          Hex            1%         N/A       63%         3
 Flame Wave               Conj/Fire      8%         2d5       69%         4
 Dispel Undead            Necr           6%         3d8       77%         4
 Airstrike                Air            0%         2d(1-17)  95%         4
 Summon Lightning Spire   Summ/Air       1%         N/A       95%         4
 Summon Hydra             Summ           0%         N/A       100%        7


Dungeon Overview and Level Annotations

Branches:
Dungeon (5/15)
 Temple: D:4-7

Altars:
Vehumet

Shops:
D:3 ?

Annotations:
D:2 1 runed translucent door, Crazy Yiuf


Innate Abilities, Weirdness & Mutations

Your spellcasting is much less encumbered by armour.
You can use scrolls of enchantment on lesser artefacts.


Message History

You feel sick.
You feel sick.
You feel sick.
You feel sick.
You feel sick.
You are no longer poisoned.
g - 7 poisoned darts (gained 1)
g - 8 poisoned darts (gained 1)
g - 9 poisoned darts (gained 1)
n - 2 scrolls labelled XIOGAT UPP (gained 1)
g - 10 poisoned darts (gained 1)
g - 11 poisoned darts (gained 1)
g - 12 poisoned darts (gained 1)
g - 13 poisoned darts (gained 1)
g - 14 poisoned darts (gained 1)
A centaur comes into view. It is wielding a +0 mace.
A centaur is nearby!
A centaur is nearby!
A centaur is nearby!
The centaur unwields a +0 mace.
The centaur wields a +0 orcbow.
The centaur shoots an arrow.
The arrow hits you!
The centaur shoots an arrow.
The arrow hits you!
The centaur shoots an arrow.
The arrow hits you!
The centaur unwields a +0 orcbow.
The centaur wields a +0 mace.
The centaur hits you with a +0 mace.
The centaur kicks you but does no damage.
You hit the centaur. The centaur closely misses you.
The centaur kicks you but does no damage.
The centaur hits you with a +0 mace!
* * * LOW HITPOINT WARNING * * *
The centaur kicks you but does no damage.
You closely miss the centaur. The centaur hits you with a +0 mace.
* * * LOW HITPOINT WARNING * * *
The centaur barely misses you.
You slash the centaur! The centaur barely misses you. The centaur kicks you.
* * * LOW HITPOINT WARNING * * *
You hit the centaur but do no damage. The centaur hits you with a +0 mace!
* * * LOW HITPOINT WARNING * * *
The centaur closely misses you. The centaur hits you with a +0 mace.
You die...

####.#########..# ##
#..#........#.#...
####...........#.....
##..##............####
#.........#####...#
#...รท.....# #......
###........# ##....#
##.#......#...# ##.###
#......@.##...... ...
#.....c..###...#.....#
##.......## #..# # .##
###......# ..# ...
#......# #..#....
####...### .#....
#.....## ......
##......##......
#...............


You could see a centaur.

Vanquished Creatures
  3 scorpions (D:5)
  A howler monkey (D:5)
  3 hounds
  2 sleepcaps (D:4)
  Ijyb (D:5)
  2 iguanas (D:5)
  3 adders
  A shadow imp (D:5)
  2 ribbon worms
  4 dart slugs
  An orc (D:4)
  8 endoplasms
  4 giant cockroaches
  4 goblins
  7 hobgoblins
  11 jackals
  7 kobolds
  2 quokkas
  5 ball pythons
  3 bats
  A frilled lizard (D:1)
  6 rats
81 creatures vanquished.

Vanquished Creatures (others)
  An orc (D:5)
1 creature vanquished.

Grand Total: 82 creatures vanquished

Notes
Turn   | Place    | Note
-------+----------+-------------------------------------------
     0 | D:1      | ragingrage the Mountain Dwarf Reaver began the quest for
                  | the Orb.
     0 | D:1      | Reached XP level 1. HP: 17/17 MP: 3/3
    53 | D:1      | Reached skill level 1 in Necromancy
    58 | D:1      | Reached skill level 4 in Axes
    58 | D:1      | Reached XP level 2. HP: 15/24 MP: 4/4
   429 | D:1      | Reached XP level 3. HP: 24/29 MP: 5/5
   718 | D:1      | Reached skill level 5 in Axes
  1189 | D:2      | Reached XP level 4. HP: 20/32 MP: 4/6
  1917 | D:2      | Found a runed translucent door.
  1918 | D:2      | Noticed Crazy Yiuf
  2084 | D:3      | Found a faded altar of an unknown god.
  2180 | D:3      | Reached skill level 6 in Axes
  2269 | D:3      | Found Uddavvog's Magic Scroll Shop.
  2339 | D:3      | Learned a level 4 spell: Sticky Flame
  2342 | D:3      | Bought a scroll of blinking for 82 gold pieces
  2342 | D:3      | Bought a scroll of teleportation for 33 gold pieces
  2949 | D:3      | Reached XP level 5. HP: 39/41 MP: 7/7
  3513 | D:4      | Found a radiant altar of Vehumet.
  3540 | D:4      | Reached skill level 7 in Axes
  3910 | D:5      | Entered Level 5 of the Dungeon
  3912 | D:5      | Noticed Ijyb
  3935 | D:5      | Killed Ijyb
  4015 | D:5      | Reached skill level 8 in Axes
  4015 | D:5      | Reached XP level 6. HP: 16/33 MP: 8/8
  4498 | D:5      | Became a worshipper of Beogh the Shepherd
  4575 | D:5      | Reached skill level 1 in Fire Magic
  4589 | D:5      | Reached skill level 1 in Alchemy
  4708 | D:5      | Reached XP level 7. HP: 46/52 MP: 9/9
  4838 | D:5      | Reached skill level 9 in Axes
  4982 | D:5      | HP: 1/55 [centaur/+0 mace (7)]
  4982 | D:5      | Slain by a centaur

Illustrated notes

Levels and vault maps discovered:
D:1:      lightli_arrival_isolated_outpost, layout_loops_cross,
          minmay_misc_feat_iff, due_unseen_surprise
D:2:      layout_loops_ring, minmay_pentomino_z2, uniq_crazy_yiuf_cottage
D:3:      layout_basic, shapermc_ecumenical_altar_pompeii, serial_shops,
          nicolae_diamond_shop
D:4:      layout_cave_pools, nicolae_vehumet_altar_sigil
D:5:      layout_cave_pools, minmay_temple_entry_overgrown, uniq_ijyb

Skill      XL: |  1  2  3  4  5  6  7 |
---------------+----------------------+-----
Necromancy     | 1 2 |  2.0
Axes           | 4 5 6 8 9 |  9.0
Fire Magic     | 1 2 |  2.2
Alchemy        | 1 |  1.4
Fighting       | |  2.1
Dodging        | |  1.3
Spellcasting   | |  1.7
Conjurations   | |  2.6

Action                     |  1- 3 |  4- 6 |  7- 9 || total
---------------------------+-------+-------+-------++-------
  Melee: Hand axe          |   142 |   217 |    17 ||   376
         Dagger            |       |       |     5 ||     5
  Throw: Dart              |       |    13 |     4 ||    17
   Cast: Kiss of Death     |     1 |     4 |       ||     5
 Invoke: Convert to Beogh  |       |     1 |       ||     1
  Evoke: Wand              |       |     2 |       ||     2
    Use: Scroll            |       |     3 |       ||     3
         Potion            |       |     1 |       ||     1
 Armour: Leather armour    |    77 |    37 |       ||   114
         Ring mail         |       |    95 |    18 ||   113
  Dodge: Dodged            |    80 |   128 |    13 ||   221

Table legend: (Time is in decaauts)
 A = Elapsed time spent in this place.
 B = Non-inter-level travel time spent in this place.
 C = Inter-level travel time spent in this place.
 D = Time resting spent in this place.
 E = Time spent auto-exploring this place.
 F = Levels seen in this place.
 G = Mean time per level.
                   A        B        C        D        E       F      G
               +--------+--------+--------+--------+--------+-----+--------+
         Total |   4987 |   4527 |    460 |    803 |   2834 |   5 |  997.4 |
       Dungeon |   4987 |   4527 |    460 |    803 |   2834 |   5 |  997.4 |
               +--------+--------+--------+--------+--------+-----+--------+

Top non-repeatable levels by time:
     D:2: 1302 daAuts
     D:3: 1002 daAuts
     D:1: 935 daAuts
     D:5: 900 daAuts
     D:4: 847 daAuts
